 Dungeon Crawl Stone Soup version 0.17-a0-2127-g1cb09f6 (webtiles) character file.

41953 4thArraOfDagon the Brawler (level 14, -3/124 HPs)
             Began as a Ghoul Gladiator on Oct 23, 2015.
             Was a High Priest of Ru.
             Killed from afar by a deep elf knight (19 damage)
             ... with a shard of ice
             ... on level 3 of the Elven Halls.
             The game lasted 01:04:13 (10055 turns).

4thArraOfDagon the Brawler (Ghoul Gladiator)       Turns: 10055, Time: 01:04:13

Health: -3/124     AC: 11    Str: 20    XL:     14   Next: 17%
Magic:  16/16      EV: 13    Int: 11    God:    Ru [*****.]
Gold:   524        SH:  0    Dex:  9    Spells: 6 memorised, 5 levels left

rFire  x . .     SeeInvis .       - Unarmed
rCold  . . .     Clarity  +     l - +1 scale mail of the Pure Lies {Slay+2}
rNeg   + + +     SustAt   .     (no shield)
rPois  ∞         Gourm    .     (no helmet)
rElec  .         Spirit   .     k - +1 cloak
rCorr  .         Warding  .     (no gloves)
rMut   .         Stasis   .     (no boots)
MR     +....                    N - amulet of clarity
Stlth  ..........               h - +4 ring of intelligence
                                (no ring)

@: no potions, rotting, drained, somewhat resistant to hostile enchantments,
extremely unstealthy
A: rotting body, claws 1, carnivore 3, cold resistance 1, negative energy
resistance 3, slow regeneration 1, torment resistance, unbreathing, inability to
drink while threatened, no stealth, temperature sensitive
a: Draw Out Power, Power Leap, Apocalypse, Renounce Religion


You were on level 3 of the Elven Halls.
You worshipped Ru.
Ru was extremely pleased with you.
You were not hungry.

You visited 3 branches of the dungeon, and saw 22 of its levels.
You also visited: Labyrinth, Sewer and Ice Cave.

You collected 1534 gold pieces.
You spent 1010 gold pieces at shops.

Inventory:

Hand Weapons
 m - a +0 blowgun
Missiles
 c - 2 throwing nets (quivered)
 w - 6 exploding tomahawks
 x - 56 poisoned needles
 P - 4 javelins
 R - 4 curare-tipped needles
Armour
 k - a +1 cloak (worn)
 l - the +1 scale mail of the Pure Lies (worn) {Slay+2}
   (You found it in a labyrinth)

   It affects your accuracy and damage with ranged weapons and melee attacks
   (+2).
 q - a troll hide
 F - a +0 helmet
 L - a +2 helmet
 O - a +0 pair of gloves
Magical Staves
 b - an uncursed staff of air
Jewellery
 h - a +4 ring of intelligence (right claw)
 N - an amulet of clarity (around neck)
Wands
 o - a wand of cold (10)
 p - a wand of magic darts (8)
 C - a wand of cold (1)
 E - a wand of lightning (0)
 I - a wand of frost (23)
 K - a wand of slowing (14)
 M - a wand of magic darts (13)
Scrolls
 e - 2 scrolls of noise {unknown}
 f - 3 scrolls of remove curse
 i - 2 scrolls of teleportation
 u - 2 scrolls of random uselessness {unknown}
 v - a scroll of acquirement {unknown}
 y - 4 scrolls of enchant weapon {unknown}
 B - a scroll of magic mapping
 Q - a scroll of immolation
Potions
 a - a potion of ambrosia
 g - 2 potions of haste
 n - 3 potions of brilliance
 r - 3 potions of heal wounds
 s - a potion of flight
 t - 5 potions of curing
 z - 2 potions of invisibility
 D - a potion of cancellation
 G - a potion of degeneration {unknown}
 H - a potion of might {unknown}
Comestibles
 d - 3 meat rations
 j - 2 slices of pizza
 A - a beef jerky


   Skills:
 - Level 11.2(10.6) Fighting
 - Level 1.7(1.3) Throwing
 + Level 9.2(8.7) Armour
 - Level 9.1(8.6) Dodging
 - Level 15.4(14.8) Unarmed Combat
 + Level 2.1(1.6) Spellcasting
 * Level 3.1(2.6) Conjurations
 * Level 3.5(3.0) Charms
 * Level 3.4(2.9) Necromancy
 * Level 2.8(2.3) Fire Magic
 - Level 4.4(3.9) Evocations


You had 5 spell levels left.
You knew the following spells:

 Your Spells              Type           Power        Failure   Level  Hunger
a - Apportation           Tloc           #.........   83%         1    ##.....
b - Regeneration          Chrm/Necr      #.........   77%         3    ####...
c - Animate Skeleton      Necr           N/A          24%         1    ##.....
d - Repel Missiles        Chrm/Air       #.....       73%         2    ###....
e - Blink                 Tloc           N/A          95%         2    ###....
f - Conjure Flame         Conj/Fire      #.......     86%         3    ####...


Dungeon Overview and Level Annotations

Branches:
Dungeon (15/15)            Temple (0/1) D:5            Lair (0/8) D:11
    Orc (4/4) D:11            Elf (3/3) Orc:4        Vaults (0/5) D:14
 Depths: D:15

Altars:
Kikubaaqudgha
Ru
Sif Muna
Vehumet
Xom
Yredelemnul

Shops:
Orc:4 (:::   Elf:1 %

Annotations:
D:3 truemonolith's ghost, amateur DECj
D:4 Friendofdean's ghost, amateur HECj
Elf:3 32 runed doors


Innate Abilities, Weirdness & Mutations

Your body is rotting away.
You thrive on raw meat.
You are immune to poison.
You have sharp fingernails.
You are carnivorous and can eat meat at any time.
Your flesh is cold resistant.
You are immune to negative energy.
You regenerate slowly when monsters are visible.
You are immune to unholy pain and torment.
You can survive without breathing.
You cannot drink potions while threatened.
You cannot be stealthy.
You are sensitive to extremes of temperature (rF-, rC-).


Message History

Something hits you!
You feel threatened and lose the ability to drink potions!
You completely miss something.
You hear some strange, mumbled words.
A shard of ice appears from out of thin air!
The shard of ice hits you!
You miss something. Something hits you!
* * * LOW HITPOINT WARNING * * *
You mangle something!!
You hear some strange, mumbled words.
A shard of ice appears from out of thin air!
The shard of ice hits you!
* * * LOW HITPOINT WARNING * * *
You focus your will and illuminate something in retribution!
Unknown command.
The deep elf knight blocks your attack.
The deep elf knight is almost dead.
The deep elf knight gestures at you while chanting.
The shard of ice hits you!
You die...

.....#+# #.# .
...... #.# ...
......####'##
...#
......#.....##
...#
#.....##......#
.+#
#.....#.......#
##
#.....#.......#
##.....#.......#
#..._..#@......#
#......##e....##
.......#+######
#(## .......##
....... .......
....... .....e.


You could see a deep elf knight (blind).

Vanquished Creatures
  An ogre mage (D:14)
  A hydra (D:12)
  3 centaur warriors
  The ghost of 4thArraOfDagon the Slicer, a novice CeAr of Dithmenos (D:11)
  A death yak (D:11)
  4 orc high priests (Orc:4)
  4 deep elf knights
  5 deep elf summoners
  2 hill giants
  An unseen horror (D:14)
  6 deep elf conjurers
  2 cyclopes
  An unseen horror (shapeshifter) (Elf:1)
  3 ugly things
  An orc sorcerer (Orc:4)
  A centaur zombie (D:9)
  Psyche (D:8)
  4 centaur skeletons
  3 gargoyles
  A deep elf priest (Elf:1)
  3 yaktaurs (D:15)
  4 two-headed ogres
  Prince Ribbit (D:7)
  2 trolls
  3 wraiths
  3 slime creatures (D:12)
  14 yaks
  12 deep elf magi
  2 shadows
  A basilisk (D:14)
  4 wyverns
  A water elemental (D:14)
  A hippogriff (D:10)
  21 deep elf fighters
  A steam dragon (D:10)
  A mottled dragon (D:11)
  A warg (D:11)
  3 hungry ghosts
  4 vampire mosquitoes
  A phantom (D:6)
  7 sky beasts
  17 orc warriors
  2 black bears
  3 eyes of draining
  17 centaurs
  An ice beast (D:10)
  2 wasps
  3 ogres
  A brain worm (D:14)
  12 big kobolds
  7 giant frogs
  5 killer bees (D:7)
  A scorpion (D:9)
  11 wights
  A quasit (D:12)
  4 crimson imps
  2 hounds
  2 jellies
  26 orc priests
  2 giant frog zombies
  Jessica (D:3)
  3 iguanas
  30 orc wizards
  6 worker ants
  3 gnolls (Orc:4)
  2 shadow imps
  15 adders
  9 river rats (Sewer)
  12 white imps (D:11)
  An ooze (Sewer)
  An adder zombie (D:6)
  2 worms
  4 giant geckos
  125 orcs
  3 ball pythons (Sewer)
  4 bats
  6 giant cockroaches
  5 goblins
  6 hobgoblins
  7 jackals
  A jackal skeleton (D:6)
  52 kobolds
  A quokka (D:2)
  A quokka zombie (D:5)
  16 rats
571 creatures vanquished.

Vanquished Creatures (collateral kills)
  3 yaks (D:11)
  An iguana (D:11)
4 creatures vanquished.

Vanquished Creatures (others)
  An unseen horror (Lab)
  A yaktaur (D:15)
  A two-headed ogre (D:14)
  2 centaurs (D:13)
  2 orcs
7 creatures vanquished.

Grand Total: 582 creatures vanquished

Notes
Turn   | Place    | Note
--------------------------------------------------------------
     0 | D:1      | 4thArraOfDagon the Ghoul Gladiator began the quest for the Orb.
     0 | D:1      | Reached XP level 1. HP: 17/17 MP: 0/0
   119 | D:3      | Noticed truemonolith's ghost (amateur DECj)
   136 | D:2      | Reached XP level 2. HP: 12/25 MP: 1/1
   201 | D:2      | Found a sacrificial altar of Ru.
   201 | D:2      | Found a basalt altar of Yredelemnul.
   205 | D:2      | Became a worshipper of Ru the Awakened
   331 | D:2      | Reached XP level 3. HP: 30/30 MP: 2/2
   372 | D:1      | Reached skill level 4 in Unarmed Combat
   442 | D:3      | Found a glowing drain.
   481 | D:3      | Reached XP level 4. HP: 16/37 MP: 3/3
   494 | Sewer    | Entered a sewer
   653 | Sewer    | Noticed a big kobold
   672 | Sewer    | Killed a big kobold
   672 | Sewer    | Reached skill level 5 in Unarmed Combat
   672 | Sewer    | Reached XP level 5. HP: 11/46 MP: 4/4
   956 | Sewer    | Reached XP level 6. HP: 27/52 MP: 5/5
  1029 | Sewer    | Noticed a big kobold
  1046 | Sewer    | Killed a big kobold
  1134 | Sewer    | Noticed a big kobold
  1153 | Sewer    | Killed a big kobold
  1153 | Sewer    | Reached skill level 6 in Unarmed Combat
  1356 | D:4      | Reached XP level 7. HP: 59/59 MP: 6/6
  1402 | D:4      | Noticed Friendofdean's ghost (amateur HECj)
  1450 | D:3      | Noticed Jessica
  1471 | D:3      | Killed Jessica
  1712 | D:5      | Entered Level 5 of the Dungeon
  1721 | D:5      | Found a staircase to the Ecumenical Temple.
  1782 | D:5      | Reached skill level 5 in Fighting
  1912 | D:6      | Reached skill level 1 in Armour
  1933 | D:6      | Got a polished ring mail
  1944 | D:6      | Identified the +1 ring mail of Supple Strength {Int+2} (You found it on level 6 of the Dungeon)
  1961 | D:6      | Reached skill level 7 in Unarmed Combat
  1999 | D:6      | Reached XP level 8. HP: 55/68 MP: 7/7
  2412 | D:7      | Reached skill level 8 in Unarmed Combat
  2415 | D:7      | Reached skill level 5 in Dodging
  2520 | D:7      | Gained mutation: You are sensitive to extremes of temperature (rF-, rC-). [Ru sacrifice]
  2520 | D:7      | Reached * piety under Ru
  2520 | D:7      | Reached ** piety under Ru
  2520 | D:7      | Reached *** piety under Ru
  2606 | D:7      | Noticed Prince Ribbit
  2618 | D:7      | Reached XP level 9. HP: 70/78 MP: 8/8
  2633 | D:7      | Killed Prince Ribbit
  2633 | D:7      | Reached skill level 9 in Unarmed Combat
  3016 | D:8      | Noticed Psyche
  3038 | D:8      | Killed Psyche
  3039 | D:8      | Found a deep blue altar of Sif Muna.
  3098 | D:10     | Entered Level 10 of the Dungeon
  3236 | D:9      | Reached skill level 10 in Unarmed Combat
  3358 | D:8      | Reached XP level 10. HP: 72/88 MP: 9/9
  3463 | D:9      | Noticed a centaur zombie
  3477 | D:9      | Killed a centaur zombie
  3501 | D:9      | Found a shimmering altar of Xom.
  3557 | D:10     | Noticed a hill giant
  3566 | D:10     | Reached skill level 5 in Armour
  3581 | D:10     | Noticed a red ugly thing
  3609 | D:10     | Killed a hill giant
  3609 | D:10     | Reached skill level 11 in Unarmed Combat
  3694 | D:11     | Found a frozen archway.
  3756 | IceCv    | Entered an ice cave
  4044 | D:10     | Gained mutation: You cannot drink potions while threatened. [Ru sacrifice]
  4044 | D:10     | Reached **** piety under Ru
  4162 | D:10     | Killed a red ugly thing
  4162 | D:10     | Reached skill level 1 in Evocations
  4323 | D:11     | Noticed 4thArraOfDagon's ghost (novice CeAr)
  4395 | D:11     | Noticed a death yak
  4399 | D:12     | Noticed a brown ugly thing
  4423 | D:11     | Killed a death yak
  4423 | D:11     | Reached XP level 11. HP: 65/95 MP: 9/11
  4456 | D:11     | Reached skill level 12 in Unarmed Combat
  4461 | D:11     | Found a staircase to the Lair.
  4496 | D:11     | Killed 4thArraOfDagon's ghost
  4969 | D:13     | Noticed a five-headed hydra
  5048 | D:13     | Found a labyrinth entrance.
  5057 | Lab      | Entered a labyrinth
  5319 | Lab      | Killed an unseen horror
  5368 | Lab      | Got an agate-encrusted scale mail
  5379 | Lab      | Identified the cursed +1 scale mail of the Pure Lies {Slay+2} (You found it in a labyrinth)
  5436 | Lab      | Noticed a minotaur
  5611 | D:12     | Noticed a six-headed hydra
  5677 | D:14     | Noticed a centaur warrior
  5684 | D:14     | Killed a centaur warrior
  5703 | D:13     | Gained mutation: You cannot be stealthy. [Ru sacrifice]
  5703 | D:13     | Reached ***** piety under Ru
  5733 | D:14     | Reached skill level 13 in Unarmed Combat
  5809 | D:14     | Got a jewelled ring mail
  5822 | D:14     | Identified the cursed +0 ring mail of the Prince of Darkness {Str+6 Dex-4} (You found it on level 14 of the Dungeon)
  5841 | D:14     | Noticed a four-headed hydra
  5908 | D:13     | Noticed a centaur warrior
  5927 | D:13     | Killed a centaur warrior
  5927 | D:13     | Reached XP level 12. HP: 67/106 MP: 13/13
  6064 | D:15     | Entered Level 15 of the Dungeon
  6135 | D:15     | Found a sacrificial altar of Ru.
  6218 | D:15     | Noticed a centaur warrior
  6243 | D:15     | Killed a centaur warrior
  6243 | D:15     | Reached skill level 10 in Fighting
  6546 | D:14     | Found a gate to the Vaults.
  6571 | D:14     | Noticed an ogre mage
  6575 | D:14     | Paralysed by an ogre mage for 5 turns
  6585 | D:14     | Killed an ogre mage
  6598 | D:14     | Killed an unseen horror
  6950 | D:12     | Reached skill level 14 in Unarmed Combat
  6990 | D:12     | Killed a six-headed hydra
  7035 | D:12     | Killed a brown ugly thing
  7133 | D:11     | Noticed a hill giant
  7140 | D:11     | Killed a hill giant
  7180 | D:11     | Reached XP level 13. HP: 113/113 MP: 15/15
  7205 | D:11     | Noticed a cyclops
  7214 | D:11     | Killed a cyclops
  7495 | D:11     | Found a staircase to the Orcish Mines.
  7526 | Orc:1    | Entered Level 1 of the Orcish Mines
  7713 | Orc:1    | You fall through a shaft!
  8077 | Orc:4    | Entered Level 4 of the Orcish Mines
  8383 | Orc:4    | Reached skill level 15 in Unarmed Combat
  8453 | Orc:4    | Found a staircase to the Elven Halls.
  9074 | Orc:4    | Found Sugahulu's Weapon Boutique.
  9074 | Orc:4    | Found Hoingen's Book Shop.
  9074 | Orc:4    | Found Boqong's Book Boutique.
  9079 | Orc:4    | Found Gekhlorgh's Book Shop.
  9083 | Orc:4    | :(
  9109 | Orc:4    | Bought a book of Cantrips for 260 gold pieces
  9109 | Orc:4    | Bought a book of Necromancy for 390 gold pieces
  9111 | Orc:4    | Learned a level 1 spell: Apportation
  9115 | Orc:4    | Learned a level 3 spell: Regeneration
  9117 | Orc:4    | Learned a level 1 spell: Animate Skeleton
  9127 | Orc:4    | Bought a book of Minor Magic for 360 gold pieces
  9130 | Orc:4    | Learned a level 2 spell: Repel Missiles
  9133 | Orc:4    | Learned a level 2 spell: Blink
  9137 | Orc:4    | Learned a level 3 spell: Conjure Flame
  9196 | Elf:1    | Entered Level 1 of the Elven Halls
  9204 | Elf:1    | Reached skill level 1 in Charms
  9204 | Elf:1    | Reached skill level 1 in Necromancy
  9264 | Elf:1    | Reached skill level 1 in Fire Magic
  9312 | Elf:2    | Reached skill level 1 in Conjurations
  9381 | Elf:1    | Found Igicry's Food Boutique.
  9401 | Elf:1    | Reached skill level 1 in Spellcasting
  9571 | Elf:1    | Reached XP level 14. HP: 68/124 MP: 16/16
  9645 | Elf:2    | Found a radiant altar of Vehumet.
  9661 | Elf:3    | Entered Level 3 of the Elven Halls
  9767 | Elf:3    | Found a huge runed gate.
  9767 | Elf:3    | Found a huge runed gate.
  9767 | Elf:3    | Found a huge runed gate.
  9767 | Elf:3    | Found a huge runed gate.
  9782 | Elf:3    | Found a huge runed gate.
  9782 | Elf:3    | Found a huge runed gate.
  9782 | Elf:3    | Found a huge runed gate.
  9783 | Elf:3    | Found a huge runed gate.
  9784 | Elf:3    | Found a huge runed gate.
  9792 | Elf:3    | Found a huge runed gate.
  9792 | Elf:3    | Found a huge runed gate.
  9793 | Elf:3    | Found a huge runed gate.
  9817 | Elf:3    | Found a huge runed gate.
  9817 | Elf:3    | Found a huge runed gate.
  9817 | Elf:3    | Found a huge runed gate.
  9817 | Elf:3    | Found a huge runed gate.
  9817 | Elf:3    | Found a huge runed gate.
  9817 | Elf:3    | Found a huge runed gate.
  9817 | Elf:3    | Found a huge runed gate.
  9824 | Elf:3    | Found a huge runed gate.
  9877 | Elf:3    | Found a huge runed gate.
  9901 | Elf:3    | Found a huge runed gate.
  9933 | Elf:3    | Found a huge runed gate.
  9933 | Elf:3    | Found a huge runed gate.
  9933 | Elf:3    | Found a huge runed gate.
  9938 | Elf:3    | Found a huge runed gate.
  9938 | Elf:3    | Found a huge runed gate.
  9938 | Elf:3    | Found a huge runed gate.
  9938 | Elf:3    | Found a huge runed gate.
  9938 | Elf:3    | Found a huge runed gate.
  9938 | Elf:3    | Found a huge runed gate.
  9961 | Elf:3    | Found a huge runed gate.
 10023 | Elf:3    | Found an ancient bone altar of Kikubaaqudgha.
 10055 | Elf:3    | Killed from afar by a deep elf knight

Vault maps used:
D:1:      dpeg_arrival_round_c
D:2:      gammafunk_temple_overflow_elements, bloody_makhleb
D:3:      gup_sewer_entry_glass, uniq_jessica
D:4:      cheibriados_altar_1, tgw_trog, first_bread, serial_shops,
          nicolae_shop_waterfront
D:5:      old_forge, old_standard_altar, minmay_temple_entry_from_below_a,
          serial_undead, serial_undead_e, serial_undead_a, serial_undead_c,
          serial_undead_a, uniq_pikel, uniq_menkaure
D:6:      kennysheep_kobold_camp
D:7:      led_sif_book, serial_shops, nicolae_shop_overgrown_old_shop,
          uniq_prince_ribbit1
D:8:      kennysheep_orc_sif_temple, grunt_ogre_cave, uniq_psyche
D:9:      tgw_xom, uniq_gastronok
D:10:     onia_ninara_dug_in_and_dangerous
D:11:     dpeg_lair_monsters, erik_orc_3, portal_ice_cave_entry_imps
D:12:     minmay_misc_feat_roman
D:13:     lab_entry_generic, minivault_25, amethyst_killhole, minivault_14
D:14:     david_vaults_2, minivault_4
D:15:     grunt_enter_depths_hoard, enter_trove_5, hangedman_ru_absence
Orc:1:    nicolae_orc_pool_cavern
Orc:2:    basic_altar, nicolae_orc_rich_vein
Orc:3:    special_room
Orc:4:    st_orc_mages
Elf:1:    minmay_elf_arrival_plus, serial_shops, nicolae_shop_behind_doors,
          hangedman_corner_corridor
Elf:2:    serial_co_window_serial, co_window_paths_a, co_window_corner_a,
          co_window_paths_a, co_window_paths_a, co_window_cross_1,
          co_window_of_opportunity_b, co_window_corner_b,
          co_window_unsneaky_path_d, glass_columns_b, glass_columns_b,
          glass_columns_a, basic_altar
Elf:3:    grunt_elf_hall_asides, basic_altar, minivault_11, door_vault
Lab:      labyrinth_mini_lab, nicolae_lab_dead_end, nicolae_lab_starburst,
          nicolae_lab_do_over
Sewer:    sewer_minmay_treatment
IceCv:    ice_cave_small_necro

Action                   |  1- 3 |  4- 6 |  7- 9 | 10-12 | 13-15 || total
-------------------------+-------+-------+-------+-------+-------++-------
Melee: Unarmed           |    72 |   209 |   361 |   594 |   578 ||  1814
       Blowgun           |       |       |     1 |       |       ||     1
 Fire: Blowgun           |       |     8 |    57 |    42 |       ||   107
Throw: Throwing net      |     2 |       |       |     5 |     2 ||     9
Invok: Reject Sacrifices |       |     1 |       |       |     2 ||     3
       Sacrifice Resista |       |       |     1 |       |       ||     1
       Sacrifice Drink   |       |       |       |     1 |       ||     1
       Draw Out Power    |       |       |       |     9 |     2 ||    11
       Power Leap        |       |       |       |     6 |     5 ||    11
       Sacrifice Stealth |       |       |       |     1 |       ||     1
       Apocalypse        |       |       |       |     1 |     5 ||     6
Evoke: Wand              |       |       |     7 |     4 |       ||    11
       Deck              |       |       |       |     4 |       ||     4
  Use: Potion            |     2 |       |     3 |     2 |       ||     7
       Scroll            |       |     5 |     2 |    18 |     5 ||    30
 Stab: Invisible         |       |       |       |     5 |     3 ||     8
       Distracted        |       |       |       |     1 |     2 ||     3
       Held in net/web   |       |       |       |     1 |       ||     1
       Paralysed         |       |       |       |       |     5 ||     5
  Eat: Chunk             |     6 |    18 |    23 |    87 |    71 ||   205
